PINL
BOZEMAN PHEASANTS @ GREAT FALLS VOYAGERS
09/05/1982
 
TOP OF THE 1ST
Bozeman Pheasants batting - Pitching for Great Falls Voyagers : LHP Paul Cherry
Pitching: LHP Paul Cherry
Batting: RHB Willie Picchioni 0-0: Swinging Strike
0-1: Swinging Strike
0-2: Strikes out swinging
Batting: SHB Marlin Methven 0-0: Fly out, F4 (Popup, 34S, EV 85.0 MPH)
Batting: LHB Ronald Kelly 0-0: Ball
1-0: Ball
2-0: Ball
3-0: Base on Balls
Batting: LHB Steve Padia 0-0: Ball
1-0: Ball
2-0: Ball
3-0: Base on Balls
Ronald Kelly to second
Batting: LHB Russ Orrick 0-0: Foul Ball, location: 2F
0-1: Swinging Strike
0-2: Fly out, F6 (Popup, 6MD, EV 47.5 MPH)
Top of the 1st over - 0 runs, 0 hits, 0 errors, 2 left on base; Bozeman 0 - Great Falls 0
BOTTOM OF THE 1ST
Great Falls Voyagers batting - Pitching for Bozeman Pheasants : RHP Freddie Toliver
Pitching: RHP Freddie Toliver
Batting: LHB Jose Fernandez 0-0: Ball
1-0: Foul Ball, location: 2F
1-1: Ball
2-1: Ball
3-1: Ground out 4-3 (Groundball, 4, EV 89.4 MPH)
Batting: LHB Juan Villaescusa 0-0: Called Strike
0-1: Ball
1-1: Ball
2-1: Ball
3-1: Base on Balls
Batting: RHB Johnny Paredes 0-0: Ball
1-0: Called Strike
1-1: Swinging Strike
1-2: Foul Ball, location: 2F
1-2: Foul Ball, location: 2F
1-2: Foul Ball, location: 2F
1-2: Foul Ball, location: 2F
1-2: Foul Ball, location: 2F
1-2: Fly out, F9 (Flyball, 89S, EV 84.4 MPH)
Batting: RHB Jose Gomez 0-0: Called Strike
Juan Villaescusa steals 2nd, throwing error, E2
Juan Villaescusa to third
0-1: Foul Ball, location: 2F
0-2: Ball
1-2: Strikes out swinging
Bottom of the 1st over - 0 runs, 0 hits, 1 error, 1 left on base; Bozeman 0 - Great Falls 0
TOP OF THE 2ND
Bozeman Pheasants batting - Pitching for Great Falls Voyagers : LHP Paul Cherry
Batting: RHB Tom Duggan 0-0: Called Strike
0-1: Ball
1-1: SINGLE (Line Drive, 56D, EV 108.1 MPH)
Batting: LHB Billy Fink 0-0: Swinging Strike
0-1: Swinging Strike
0-2: Strikes out looking
Batting: RHB Greg Toler 0-0: Called Strike
0-1: Ball
1-1: Ball
2-1: Ball
Wild Pitch!
Tom Duggan to second
3-1: Base on Balls
Batting: SHB Kenneth Merritt 0-0: Called Strike
0-1: Ball
1-1: Fielders Choice at 2nd, 3-6 (Groundball, 3, EV 80.6 MPH)
Tom Duggan to third
Batting: RHB Willie Picchioni Pickoff Throw to First - Error! E1
Tom Duggan scores
Kenneth Merritt to second
0-0: Ball
1-0: SINGLE (Line Drive, 9S, EV 103.1 MPH)
Kenneth Merritt to third
Runner from 3rd tries for Home, SAFE, throw by RF to home
Batting: SHB Marlin Methven 0-0: Ball
1-0: Fly out, F9 (Flyball, 89S, EV 81.9 MPH)
Top of the 2nd over - 2 runs, 2 hits, 1 error, 1 left on base; Bozeman 2 - Great Falls 0
BOTTOM OF THE 2ND
Great Falls Voyagers batting - Pitching for Bozeman Pheasants : RHP Freddie Toliver
Batting: SHB John Kanter 0-0: Ground out 4-3 (Groundball, 4, EV 101.9 MPH)
Batting: SHB Gerald Young 0-0: Ground out 4-3 (Groundball, 4, EV 87.5 MPH)
Batting: LHB John Yari 0-0: Foul Ball, location: 2F
0-1: Ground out 4-3 (Groundball, 4, EV 80.6 MPH)
Bottom of the 2nd over - 0 runs, 0 hits, 0 errors, 0 left on base; Bozeman 2 - Great Falls 0
TOP OF THE 3RD
Bozeman Pheasants batting - Pitching for Great Falls Voyagers : LHP Paul Cherry
Batting: LHB Ronald Kelly 0-0: Fly out, F9 (Line Drive, 9, EV 85.6 MPH)
Batting: LHB Steve Padia 0-0: Ball
1-0: Foul Ball, location: 2F
1-1: Ground out U3 (Groundball, 3, EV 85.6 MPH)
Batting: LHB Russ Orrick 0-0: Ball
1-0: Swinging Strike
1-1: Swinging Strike
1-2: SINGLE (Line Drive, 9S, EV 108.8 MPH)
Batting: RHB Tom Duggan 0-0: Ball
1-0: Called Strike
1-1: Ball
2-1: Fly out, F7 (Flyball, 78S, EV 86.9 MPH)
Top of the 3rd over - 0 runs, 1 hit, 0 errors, 1 left on base; Bozeman 2 - Great Falls 0
BOTTOM OF THE 3RD
Great Falls Voyagers batting - Pitching for Bozeman Pheasants : RHP Freddie Toliver
Batting: RHB Anthony Notaroberto 0-0: Ball
1-0: Reached via error on a dropped throw from 3B, E3 (Groundball, 5, EV 103.8 MPH)
Batting: RHB Harvey Wilkerson 0-0: Ball
1-0: Ball
2-0: Foul Ball, location: 2F
2-1: Ball
3-1: Foul Ball, location: 2F
3-2: Strikes out looking
Batting: LHB Jose Fernandez 0-0: Ball
1-0: Called Strike
1-1: SINGLE (Groundball, 4M, EV 103.8 MPH) (infield hit)
Anthony Notaroberto to second
Batting: LHB Juan Villaescusa 0-0: Ball
1-0: Fielders Choice at 2nd, 4-6 (Groundball, 4, EV 85.6 MPH)
Anthony Notaroberto to third
Batting: RHB Johnny Paredes 0-0: Ball
1-0: Foul Ball, location: 2F
1-1: Ball
2-1: SINGLE (Flyball, 89S, EV 91.3 MPH)
Anthony Notaroberto scores
Juan Villaescusa to second
Runner from 2nd tries for 3rd, SAFE, throw by RF made to third
Batting: RHB Jose Gomez 0-0: Ball
1-0: Fly out, F9 (Line Drive, 9, EV 103.1 MPH)
Bottom of the 3rd over - 1 run, 2 hits, 1 error, 2 left on base; Bozeman 2 - Great Falls 1
TOP OF THE 4TH
Bozeman Pheasants batting - Pitching for Great Falls Voyagers : LHP Paul Cherry
Pitching: RHP Donald Fenton
Batting: LHB Billy Fink 0-0: Ball
1-0: Foul Ball, location: 2F
1-1: Ball
2-1: Foul Ball, location: 2F
2-2: SINGLE (Line Drive, 7S, EV 89.4 MPH)
Batting: RHB Greg Toler 0-0: Called Strike
0-1: Ball
1-1: Called Strike
Billy Fink is caught stealing 2nd base 2-4
1-2: Foul Ball, location: 2F
1-2: Ball
2-2: Ball
3-2: Ground out 6-3 (Groundball, 6, EV 105.0 MPH)
Batting: SHB Kenneth Merritt 0-0: SINGLE (Line Drive, 9S, EV 90.0 MPH)
Batting: RHB Willie Picchioni 0-0: Ball
1-0: Foul Ball, location: 2F
1-1: Ball
Wild Pitch!
Kenneth Merritt to second
2-1: Ground out 4-3 (Groundball, 4MS, EV 63.1 MPH)
Top of the 4th over - 0 runs, 2 hits, 0 errors, 1 left on base; Bozeman 2 - Great Falls 1
BOTTOM OF THE 4TH
Great Falls Voyagers batting - Pitching for Bozeman Pheasants : RHP Freddie Toliver
Batting: SHB John Kanter 0-0: Ball
1-0: Called Strike
1-1: DOUBLE (Line Drive, 78D, EV 108.8 MPH)
Batting: SHB Gerald Young 0-0: Foul Ball, location: 2F
0-1: Ball
1-1: Swinging Strike
1-2: SINGLE (Groundball, 6M, EV 104.4 MPH) (infield hit)
John Kanter to third
Batting: LHB John Yari 0-0: Ball
1-0: Swinging Strike
1-1: Ball
2-1: Foul Ball, location: 2F
2-2: Ball
3-2: Strikes out swinging
Gerald Young is caught stealing 2nd base 2-6
Batter strikes out.
Batting: RHB Anthony Notaroberto 0-0: Ball
1-0: Ball
2-0: Ball
3-0: Base on Balls
Batting: RHB Harvey Wilkerson 0-0: Called Strike
0-1: Ball
1-1: Ball
2-1: Foul Ball, location: 2F
2-2: Fly out, F7 (Flyball, 7, EV 83.8 MPH)
Bottom of the 4th over - 0 runs, 2 hits, 0 errors, 2 left on base; Bozeman 2 - Great Falls 1
TOP OF THE 5TH
Bozeman Pheasants batting - Pitching for Great Falls Voyagers : RHP Donald Fenton
Batting: SHB Marlin Methven 0-0: Ball
1-0: Called Strike
1-1: Ball
2-1: Foul Ball, location: 2F
2-2: Foul Ball, location: 2F
2-2: Ball
3-2: Foul Ball, location: 2F
3-2: Foul Ball, location: 2F
3-2: Foul Ball, location: 2F
3-2: Base on Balls
Batting: LHB Ronald Kelly 0-0: Called Strike
0-1: Ball
1-1: Foul Ball, location: 2F
1-2: Grounds into double play, 4-6-3 (Groundball, 34, EV 101.9 MPH)
Batting: LHB Steve Padia 0-0: Called Strike
0-1: Foul Ball, location: 2F
0-2: Ball
1-2: Strikes out looking
Top of the 5th over - 0 runs, 0 hits, 0 errors, 0 left on base; Bozeman 2 - Great Falls 1
BOTTOM OF THE 5TH
Great Falls Voyagers batting - Pitching for Bozeman Pheasants : RHP Freddie Toliver
Batting: LHB Jose Fernandez 0-0: Ball
1-0: Ball
2-0: Called Strike
2-1: Ground out U3 (Groundball, 34S, EV 80.0 MPH)
Batting: LHB Juan Villaescusa 0-0: Ball
1-0: Foul Ball, location: 2F
1-1: Called Strike
1-2: Foul Ball, location: 2F
1-2: Foul Ball, location: 2F
1-2: Foul Ball, location: 2F
1-2: Strikes out swinging
Batting: RHB Johnny Paredes 0-0: Foul Ball, location: 2F
0-1: Ball
1-1: SINGLE (Line Drive, 8RS, EV 96.9 MPH)
Batting: RHB Jose Gomez 0-0: Ball
1-0: Foul Ball, location: 2F
1-1: Foul Ball, location: 2F
1-2: Foul Ball, location: 2F
1-2: Ball
2-2: Fly out, F9 (Flyball, 89S, EV 86.3 MPH)
Bottom of the 5th over - 0 runs, 1 hit, 0 errors, 1 left on base; Bozeman 2 - Great Falls 1
TOP OF THE 6TH
Bozeman Pheasants batting - Pitching for Great Falls Voyagers : RHP Donald Fenton
Batting: LHB Russ Orrick 0-0: Called Strike
0-1: Swinging Strike
0-2: Ball
1-2: Strikes out swinging
Batting: RHB Tom Duggan 0-0: Foul Ball, location: 2F
0-1: Ball
1-1: SINGLE (Groundball, 4MD, EV 95.0 MPH)
Batting: LHB Billy Fink 0-0: Ball
1-0: Reached on error, E3 (Groundball, 3, EV 84.4 MPH)
Tom Duggan to second
Batting: RHB Greg Toler 0-0: Called Strike
0-1: Foul Ball, location: 2F
0-2: Ball
1-2: Ball
2-2: SINGLE (Groundball, 6D, EV 105.6 MPH)
Tom Duggan to third
Billy Fink to second
Runner from 3rd tries for Home, SAFE, throw by CF to home
Batting: SHB Kenneth Merritt 0-0: Called Strike
0-1: SINGLE (Line Drive, 34, EV 109.4 MPH)
Billy Fink to third
Greg Toler to second
Batting: RHB Willie Picchioni 0-0: Ball
1-0: Ball
2-0: Swinging Strike
2-1: Called Strike
2-2: Strikes out looking
Pitching: RHP Brian Roerden
Batting: SHB Marlin Methven 0-0: Foul Ball, location: 2F
0-1: Ground out 4-3 (Groundball, 4, EV 86.9 MPH)
Top of the 6th over - 1 run, 3 hits, 1 error, 3 left on base; Bozeman 3 - Great Falls 1
BOTTOM OF THE 6TH
Great Falls Voyagers batting - Pitching for Bozeman Pheasants : RHP Freddie Toliver
Batting: SHB John Kanter 0-0: Ball
1-0: Foul Ball, location: 2F
1-1: Foul Ball, location: 2F
1-2: Ball
2-2: DOUBLE (Line Drive, 9LS, EV 98.1 MPH)
Batting: SHB Gerald Young 0-0: Foul Ball, location: 2F
0-1: Called Strike
0-2: Strikes out swinging
Batting: LHB John Yari 0-0: Fly out, F8 (Flyball, 8LS, EV 94.4 MPH)
Batting: RHB Anthony Notaroberto 0-0: Ball
1-0: Called Strike
1-1: Ball
2-1: Ball
3-1: Called Strike
3-2: Strikes out swinging
Bottom of the 6th over - 0 runs, 1 hit, 0 errors, 1 left on base; Bozeman 3 - Great Falls 1
TOP OF THE 7TH
Bozeman Pheasants batting - Pitching for Great Falls Voyagers : RHP Brian Roerden
Batting: LHB Ronald Kelly 0-0: Ball
1-0: Ball
2-0: Ball
3-0: Called Strike
3-1: DOUBLE (Line Drive, 7LD, EV 103.8 MPH)
Batting: LHB Steve Padia 0-0: Called Strike
0-1: Called Strike
0-2: Ground out 4-3 (Groundball, 4, EV 91.3 MPH)
Ronald Kelly to third
Batting: LHB Russ Orrick 0-0: Intentional Walk
Batting: RHB Tom Duggan 0-0: 3-RUN HOME RUN (Line Drive, 89XD, EV 95.0 MPH), Distance : 412 ft
Batting: LHB Billy Fink 0-0: Called Strike
0-1: Ball
1-1: Ball
2-1: Swinging Strike
2-2: Ball
3-2: Strikes out swinging
Batting: RHB Greg Toler 0-0: Called Strike
0-1: Swinging Strike
0-2: Strikes out looking
Top of the 7th over - 3 runs, 2 hits, 0 errors, 0 left on base; Bozeman 6 - Great Falls 1
BOTTOM OF THE 7TH
Great Falls Voyagers batting - Pitching for Bozeman Pheasants : RHP Freddie Toliver
Batting: RHB Harvey Wilkerson 0-0: Called Strike
0-1: Ball
1-1: Foul Ball, location: 2F
1-2: Ball
2-2: Strikes out looking
Batting: LHB Jose Fernandez 0-0: Called Strike
0-1: Fly out, F7 (Flyball, 7LS, EV 75.0 MPH)
Batting: LHB Juan Villaescusa 0-0: Foul Ball, location: 2F
0-1: Foul Ball, location: 2F
0-2: Ball
1-2: Ball
2-2: Strikes out swinging, 2-3 out at first.
Bottom of the 7th over - 0 runs, 0 hits, 0 errors, 0 left on base; Bozeman 6 - Great Falls 1
TOP OF THE 8TH
Bozeman Pheasants batting - Pitching for Great Falls Voyagers : RHP Brian Roerden
Batting: SHB Kenneth Merritt 0-0: Called Strike
0-1: Foul Ball, location: 2F
0-2: Ball
1-2: Strikes out looking
Batting: RHB Willie Picchioni 0-0: Ball
1-0: Ground out 4-3 (Groundball, 4M, EV 107.5 MPH)
Batting: SHB Marlin Methven 0-0: Ball
1-0: Swinging Strike
1-1: Foul Ball, location: 2F
1-2: Foul Ball, location: 2F
1-2: DOUBLE (Flyball, 5D, EV 96.9 MPH)
Batting: LHB Ronald Kelly 0-0: Called Strike
Marlin Methven steals 3rd base
0-1: Ball
1-1: Foul Ball, location: 2F
1-2: Ball
2-2: Foul Ball, location: 2F
2-2: Ball
3-2: Foul Ball, location: 2F
3-2: SINGLE (Line Drive, 34D, EV 98.8 MPH)
Marlin Methven scores
Pitching: RHP Libardo Villalba
Batting: LHB Steve Padia 0-0: 2-RUN HOME RUN (Flyball, 9D, EV 94.4 MPH), Distance : 355 ft
Batting: LHB Russ Orrick 0-0: Ball
1-0: SINGLE (Line Drive, 6MD, EV 96.3 MPH)
Batting: RHB Tom Duggan 0-0: Swinging Strike
0-1: Ground out 4-3 (Groundball, 34, EV 107.5 MPH)
Top of the 8th over - 3 runs, 4 hits, 0 errors, 1 left on base; Bozeman 9 - Great Falls 1
BOTTOM OF THE 8TH
Great Falls Voyagers batting - Pitching for Bozeman Pheasants : RHP Freddie Toliver
Batting: RHB Johnny Paredes 0-0: Ball
1-0: Ball
2-0: Ball
3-0: Called Strike
3-1: Base on Balls
Batting: RHB Jose Gomez 0-0: Ball
1-0: Fly out, F9 (Flyball, 9LM, EV 98.8 MPH)
Batting: SHB John Kanter 0-0: Ball
1-0: Called Strike
1-1: Swinging Strike
1-2: Fly out, F8 (Flyball, 8LD, EV 96.9 MPH)
Batting: SHB Gerald Young 0-0: Called Strike
0-1: Ball
1-1: Foul Ball, location: 2F
1-2: Ball
2-2: Foul Ball, location: 2F
2-2: Fly out, F8 (Flyball, 8LS, EV 75.0 MPH)
Bottom of the 8th over - 0 runs, 0 hits, 0 errors, 1 left on base; Bozeman 9 - Great Falls 1
TOP OF THE 9TH
Bozeman Pheasants batting - Pitching for Great Falls Voyagers : RHP Libardo Villalba
Batting: LHB Billy Fink 0-0: Ball
1-0: Called Strike
1-1: Ball
2-1: Foul Ball, location: 2F
2-2: Foul Ball, location: 2F
2-2: Ball
3-2: Base on Balls
Batting: RHB Greg Toler 0-0: Ball
1-0: Ball
2-0: Ground out 4-3 (Groundball, 34, EV 98.8 MPH)
Billy Fink to second
Batting: SHB Kenneth Merritt 0-0: Called Strike
0-1: Ground out 5-3 (Groundball, 56, EV 95.6 MPH)
Batting: RHB Willie Picchioni 0-0: Ball
1-0: Called Strike
1-1: Ball
2-1: Foul Ball, location: 2F
2-2: Ball
3-2: Fly out, F6 (Popup, 6, EV 58.1 MPH)
Top of the 9th over - 0 runs, 0 hits, 0 errors, 1 left on base; Bozeman 9 - Great Falls 1
BOTTOM OF THE 9TH
Great Falls Voyagers batting - Pitching for Bozeman Pheasants : RHP Freddie Toliver
Batting: LHB John Yari 0-0: Foul Ball, location: 2F
0-1: Called Strike
0-2: Fly out, F4 (Line Drive, 4, EV 76.3 MPH)
Batting: RHB Anthony Notaroberto 0-0: Ball
1-0: Foul Ball, location: 2F
1-1: Ball
2-1: Ball
3-1: Base on Balls
Batting: RHB Harvey Wilkerson 0-0: Ball
1-0: Ball
2-0: Fly out, F8 (Line Drive, 8LD, EV 90.6 MPH)
Batting: LHB Jose Fernandez 0-0: Fly out, F8 (Flyball, 78XD, EV 115.0 MPH)
Bottom of the 9th over - 0 runs, 0 hits, 0 errors, 1 left on base; Bozeman 9 - Great Falls 1
Friday, August 28th, 2020 - OOTP Baseball 21.5 Build 76